AoeStats
← Hawthorne

African Clearing

511066870Analyzed
2v2 RM · 4h ago on Oct 3, 2026· 23m 6s· 4 players
Game mode
Random Map
Map size
Medium (4 player)
Population
200
Speed
Normal
Resources
Standard
Victory
Conquest
Starting age
Dark Age
Ending age
Imperial Age
RankedLock teamsTeams togetherTeam positionsShared explorationLock speedFull tech treeHidden civsTurbo modeCheats
Victory
Defeat
🇦🇷 Magyars · Argentina
1038
+12
🇦🇷 Britons · Argentina
982
+14
🇧🇪 Goths · Belgium
952
-39
🇧🇪 Koreans · Belgium
952
-39
BlaasSG
4:33 Loom
14:13 Feudal Age
15:15 Double-Bit Axe
16:59 Fletching
22:04 Horse Collar
22:27 Gold Mining
22:27 Stone Mining
ds13
9:24 Loom
12:09 Feudal Age
12:47 Double-Bit Axe
23:19 Castle Age
Hawthorne
9:00 Loom
13:49 Feudal Age
14:32 Double-Bit Axe
15:40 Horse Collar
19:17 Man-at-Arms
20:49 Wheelbarrow
21:04 Forging
Drabzes
13:02 Loom
15:11 Feudal Age
Connection lost

Rejoining the realm…

Still unreachable

The connection could not be restored.

Session expired

The server has moved on; the page needs a fresh start.